Map: Taito Citadel LE

Players

MaxPax - Winner!

  • Race: Protoss Protoss
  • Spawn Location: 11:00

Rogue

  • Race: Zerg Zerg
  • Spawn Location: 5:00

VOD

Have the link to the VOD?

Description

Time

  • Played on: Dec. 15, 2025, 9:15 a.m.
  • Length: 7:55
Show
View Real Time Build Order
Export as new Build Order

MaxPax Protoss - Winner!

Build Orders: 1 Gate Expand, Oracle Opening 

Get SALT Encoding   

  12  0:00  Probe  
  13  0:12  Probe  
  14  0:19  Pylon  
  14  0:24  Probe  
  15  0:37  Probe (Chrono Boost)  
  15  0:40  Gateway  
  16  0:46  Assimilator, Probe (Chrono Boost)  
  17  0:51  Probe (Chrono Boost)  
  18  1:03  Probe  
  19  1:15  Probe  
  20  1:22  Nexus  
  20  1:32  Cybernetics Core  
  20  1:35  Probe  
  20  1:39  Assimilator  
  21  1:47  Probe  
  21  1:49  Pylon  
  22  1:59  Probe (Chrono Boost)  
  23  2:08  Adept  
  23  2:11  Stargate, Probe (Chrono Boost)  
  26  2:19  Probe (Chrono Boost)  
  26  2:21  Warp Gate  
  27  2:25  Probe (Chrono Boost)  
  28  2:34  Probe (Chrono Boost)  
  30  2:37  Probe (Chrono Boost)  
  30  2:38  Stalker  
  30  2:43  Probe (Chrono Boost)  
  33  2:45  Probe (Chrono Boost)  
  33  2:48  Probe (Chrono Boost)  
  35  2:52  Probe  
  35  2:57  Oracle (Chrono Boost)  
  39  3:00  Pylon, Probe  
  39  3:04  Probe  
  41  3:12  Probe  
  42  3:16  Probe  
  43  3:24  Probe  
  44  3:27  Twilight Council  
  44  3:28  Probe  
  44  3:33  Nexus  
  45  3:36  Probe  
  45  3:38  Pylon  
  46  3:41  Oracle (Chrono Boost)  
  49  3:53  Gateway  
  49  3:57  Gateway  
  49  4:01  Resonating Glaives (Chrono Boost)  
  49  4:02  Probe  
  50  4:03  Probe  
  50  4:05  Gateway  
  51  4:11  Adept  
  51  4:14  Probe  
  51  4:15  Probe  
  55  4:18  Assimilator  
  55  4:20  Pylon  
  55  4:26  Probe  
  55  4:29  Probe  
  55  4:35  Adept, Pylon, Assimilator  
  55  4:38  Probe  
  58  4:41  Probe  
  59  4:47  Probe  
  59  4:50  Probe, Adept  
  59  4:52  Adept  
  65  4:53  Probe  
  65  4:55  Adept  
  65  4:59  Probe  
  69  5:00  Adept  
  69  5:02  Probe  
  69  5:05  Probe  
  73  5:10  Pylon  
  73  5:11  Probe  
  73  5:13  Adept  
  76  5:14  Probe  
  76  5:15  Adept  
  76  5:17  Probe, Adept  
  76  5:21  Adept  
  84  5:23  Probe  
  84  5:24  Blink (Chrono Boost)  
  84  5:26  Probe  
  86  5:29  Probe  
  86  5:35  Probe  
  88  5:38  Forge, Probe  
  88  5:41  Probe  
  90  5:42  Pylon  
  90  5:47  Probe  
  91  5:50  Probe  
  91  5:53  Forge, Probe  
  91  5:54  Adept  
  91  5:55  Adept x3  
  99  5:59  Probe  
  99  6:03  Probe  
  98  6:05  Probe  
  98  6:10  Gateway  
  99  6:11  Gateway  
  99  6:17  Stalker x3  
  105  6:23  Stalker  
  105  6:26  Pylon  
  105  6:32  Nexus  
  105  6:39  Probe  
  106  6:42  Stalker x2  
  106  6:46  Stalker  
  110  6:48  Photon Cannon, Probe  
  110  6:52  Robotics Facility  
  111  6:55  Stalker  
  111  6:57  Probe  
  111  7:00  Photon Cannon, Shield Battery  
  114  7:03  Probe  
  115  7:08  Pylon  
  115  7:09  Probe  
  115  7:15  Pylon  
  117  7:19  Shield Battery  
  117  7:23  Pylon  
  117  7:27  Gateway, Stalker x4  
  117  7:28  Stalker  
  124  7:30  Gateway  
Show
View Real Time Build Order
Export as new Build Order

Rogue Zerg 

Build Orders: Hatch First 

Get SALT Encoding   

  12  0:00  Drone  
  13  0:10  Drone  
  13  0:14  Extractor  
  13  0:15  Drone  
  15  0:21  Overlord  
  15  0:42  Drone  
  16  0:45  Hatchery  
  16  0:49  Drone  
  16  0:52  Drone  
  16  0:56  Drone  
  18  1:07  Extractor  
  17  1:11  Spawning Pool  
  17  1:14  Drone  
  17  1:17  Drone  
  18  1:26  Drone  
  19  1:37  Drone  
  20  1:48  Drone  
  21  1:58  Queen x2  
  21  1:59  Drone  
  21  2:00  Drone  
  27  2:08  Overlord  
  27  2:10  Drone  
  27  2:14  Metabolic Boost  
  28  2:27  Hatchery  
  28  2:29  Drone  
  28  2:31  Zergling x2  
  28  2:33  Drone  
  30  2:41  Queen  
  30  2:44  Zergling x2  
  33  2:48  Overlord  
  33  2:50  Drone  
  34  2:54  Drone x2  
  36  3:01  Overlord  
  36  3:05  Queen  
  36  3:09  Drone  
  36  3:10  Drone  
  36  3:11  Drone  
  41  3:15  Overlord  
  41  3:20  Drone  
  41  3:21  Drone x2  
  41  3:23  Drone  
  45  3:28  Spore Crawler  
  45  3:30  Drone  
  45  3:37  Queen  
  45  3:39  Zergling x4  
  49  3:43  Drone  
  49  3:45  Drone x3  
  49  3:47  Drone  
  54  3:52  Drone x3  
  54  3:53  Drone  
  54  3:55  Spore Crawler  
  57  3:58  Spore Crawler  
  57  4:02  Drone  
  57  4:04  Drone  
  57  4:05  Evolution Chamber  
  57  4:06  Spore Crawler  
  57  4:09  Drone  
  58  4:10  Drone  
  58  4:11  Drone  
  58  4:15  Drone x2  
  61  4:17  Drone  
  61  4:18  Drone  
  61  4:23  Overlord  
  65  4:24  Drone x2  
  65  4:25  Drone  
  65  4:29  Drone  
  65  4:33  Zerg Melee Weapons Level 1  
  65  4:38  Hatchery  
  63  4:40  Roach Warren  
  63  4:44  Zergling x6  
  65  4:46  Zergling x2  
  65  4:50  Zergling x4  
  65  4:51  Lair  
  68  4:53  Extractor  
  68  4:55  Extractor  
  68  4:56  Drone  
  68  4:58  Drone x2  
  68  4:59  Drone  
  70  5:02  Overlord  
  70  5:05  Queen  
  72  5:07  Drone  
  72  5:09  Overlord  
  73  5:15  Overlord x3  
  73  5:19  Overlord  
  73  5:20  Extractor  
  72  5:23  Extractor  
  72  5:25  Overlord  
  72  5:28  Roach x4  
  78  5:29  Zergling x2  
  78  5:30  Zergling x2  
  78  5:33  Overlord  
  79  5:38  Roach, Evolution Chamber  
  80  5:46  Roach x3  
  86  5:50  Roach  
  88  5:57  Pneumatized Carapace  
  88  6:00  Roach  
  88  6:01  Roach x2  
  86  6:11  Zergling x2  
  84  6:12  Drone  
  84  6:15  Roach x2  
  84  6:16  Roach x2  
  91  6:18  Roach  
  91  6:21  Roach  
  91  6:25  Zergling x2  
  91  6:28  Spore Crawler  
  91  6:30  Glial Reconstitution  
  91  6:33  Zergling x2  
  91  6:37  Zergling x6  
  95  6:44  Zergling x6  
  97  6:56  Overlord  
  97  6:57  Zergling x2  
  97  6:58  Zergling x8  
  97  7:00  Zergling x2  
  97  7:01  Ravager x3  
  104  7:02  Ravager  
  104  7:07  Zergling x2  
  108  7:09  Zergling x4  
  108  7:10  Zergling x4, Ravager  
  113  7:16  Zergling x2  
  113  7:17  Zergling x6  
  113  7:18  Zergling x2  
  113  7:19  Zergling x2  
  113  7:21  Zergling x2  
  120  7:25  Zergling x6  
  121  7:34  Zergling x2  
  121  7:35  Zergling x10  
  121  7:36  Zergling x2  
Tags
 
Add a new tag
Caveats
  • Supply blocks, unpowered buildings, or Contaminate may cause inaccurate times.
  • Supply counts are checked every 10 seconds.